Map: 아크로폴리스 - 래더

Players

DnS - Winner!

  • Race: Protoss Protoss
  • Spawn Location: 11:00

SouLeer

  • Race: Zerg Zerg
  • Spawn Location: 5:00

Event: HomeStory Cup XIX

VOD

Have the link to the VOD?

Description

Time

  • Played on: June 27, 2019, 5:54 p.m.
  • Length: 7:18

All games in this series

Show
View Real Time Build Order
Export as new Build Order

DnS Protoss - Winner!

Build Orders: 1 Gate Expand, Oracle Opening 

Get SALT Encoding   

  12  0:00  Probe  
  13  0:12  Probe  
  14  0:18  Pylon  
  14  0:24  Probe  
  15  0:32  Probe  
  15  0:40  Probe  
  15  0:41  Gateway  
  17  0:51  Assimilator, Probe  
  18  1:03  Probe  
  19  1:15  Probe  
  20  1:25  Nexus  
  20  1:35  Cybernetics Core  
  20  1:38  Probe  
  21  1:46  Assimilator  
  21  1:50  Probe  
  22  1:54  Pylon  
  22  2:02  Probe, Adept  
  23  2:14  Probe  
  26  2:19  Stargate  
  26  2:26  Probe  
  26  2:29  Warp Gate  
  27  2:33  Probe  
  27  2:35  Probe  
  28  2:38  Stalker  
  28  2:41  Probe  
  28  2:43  Probe  
  33  2:51  Probe  
  33  2:53  Probe  
  33  2:56  Oracle  
  35  3:03  Probe  
  35  3:05  Probe  
  37  3:10  Pylon  
  40  3:15  Probe  
  40  3:17  Probe  
  42  3:21  Gateway  
  42  3:27  Probe  
  42  3:29  Probe  
  42  3:31  Assimilator, Oracle  
  42  3:33  Assimilator  
  44  3:39  Probe  
  44  3:41  Probe  
  49  3:43  Pylon  
  49  3:51  Probe  
  49  3:53  Probe  
  51  3:59  Pylon  
  51  4:02  Phoenix  
  49  4:04  Probe  
  49  4:05  Probe  
  53  4:13  Robotics Facility  
  53  4:16  Probe  
  54  4:17  Probe, Adept x2  
  54  4:22  Pylon  
  54  4:24  Oracle  
  59  4:28  Probe  
  63  4:43  Gateway  
  63  4:45  Sentry x2, Gateway  
  67  4:49  Warp Prism  
  67  4:56  Nexus  
  67  4:57  Pylon  
  69  5:08  Pylon  
  69  5:09  Sentry x2  
  73  5:21  Immortal  
  73  5:22  Gateway  
  73  5:23  Gateway  
  77  5:33  Sentry x2  
  81  5:38  Zealot  
  83  5:49  Gateway  
  80  5:50  Gateway  
  77  5:58  Immortal  
  77  5:59  Pylon  
  77  6:02  Adept x2  
  77  6:03  Adept  
  87  6:18  Adept x2  
  89  6:19  Zealot  
  89  6:24  Zealot x3  
  99  6:39  Zealot x3  
  105  6:50  Stalker x3  
  103  7:03  Stalker x3  
  103  7:08  Stalker x2  
Show
View Real Time Build Order
Export as new Build Order

SouLeer Zerg 

Build Orders: Hatch First 

Get SALT Encoding   

  12  0:00  Drone  
  13  0:13  Overlord  
  13  0:17  Drone  
  14  0:32  Drone x2  
  16  0:47  Hatchery  
  15  0:52  Drone  
  15  0:55  Drone  
  17  0:58  Drone  
  18  1:09  Extractor  
  17  1:15  Spawning Pool  
  16  1:19  Drone  
  16  1:21  Drone  
  18  1:29  Drone  
  19  1:40  Drone  
  20  1:51  Overlord  
  20  2:01  Queen x2  
  20  2:02  Zergling x2  
  20  2:04  Zergling x2  
  26  2:10  Drone  
  26  2:13  Drone  
  28  2:21  Drone  
  29  2:25  Drone  
  30  2:34  Drone  
  31  2:37  Pneumatized Carapace  
  31  2:43  Hatchery  
  30  2:47  Metabolic Boost  
  30  2:50  Drone  
  31  2:54  Drone  
  31  2:57  Overlord  
  32  3:00  Drone  
  32  3:03  Drone  
  34  3:09  Drone x2  
  36  3:16  Drone x2  
  36  3:18  Overlord  
  39  3:20  Drone  
  39  3:23  Queen  
  41  3:28  Overlord  
  41  3:30  Drone  
  42  3:38  Spore Crawler  
  41  3:42  Drone x3  
  41  3:46  Spore Crawler  
  41  3:47  Drone  
  44  3:52  Drone x2  
  45  4:02  Drone x4  
  49  4:04  Drone  
  49  4:09  Lair  
  50  4:12  Queen  
  50  4:14  Overlord  
  52  4:20  Spore Crawler  
  52  4:22  Drone x2, Extractor  
  52  4:23  Drone  
  53  4:24  Drone  
  53  4:29  Overlord  
  54  4:36  Spore Crawler  
  49  4:40  Drone x2  
  49  4:42  Zergling x2  
  49  4:43  Zergling x12  
  58  4:47  Queen  
  58  4:52  Queen  
  60  4:56  Overlord  
  60  4:57  Zergling x2  
  63  5:01  Zergling x4  
  63  5:03  Zergling x4  
  63  5:06  Zergling x4  
  69  5:10  Queen  
  70  5:14  Zergling x4  
  70  5:18  Zergling x6  
  73  5:22  Zergling x4  
  73  5:25  Zergling x4  
  73  5:27  Zergling x4  
  74  5:34  Nydus Network  
  74  5:35  Zergling x4  
  75  5:38  Zergling x4  
  77  5:45  Zergling x10  
  77  5:47  Zergling x2  
  79  5:55  Overseer  
  79  5:59  Zergling x4  
  79  6:00  Zergling x4  
  80  6:04  Zergling x2  
  80  6:05  Zergling x2  
  80  6:10  Overlord  
  81  6:16  Nydus Canal  
  81  6:20  Overlord  
  81  6:24  Overlord  
  81  6:26  Overlord  
  80  6:36  Nydus Canal  
  80  6:37  Zergling x14  
  80  6:38  Zergling x2  
  81  6:40  Zergling x4  
  68  6:56  Zergling x6  
  68  6:59  Zergling x4  
  71  7:05  Spire  
  71  7:15  Nydus Canal  
Tags
 
Add a new tag
Caveats
  • Supply blocks, unpowered buildings, or Contaminate may cause inaccurate times.
  • Supply counts are checked every 10 seconds.